 Dungeon Crawl Stone Soup version 0.28-a0-691-gad6df49e81 (webtiles) character file.

Game seed: 8207977154616021482

1934 RepHenryClay the Cleaver (level 9, 0/75 HPs)
             Began as a Naga Fighter on Oct 21, 2021.
             Was a Follower of Cheibriados.
             Slain by a killer bee (3 damage)
             ... on level 5 of the Dungeon.
             The game lasted 00:11:07 (7622 turns).

RepHenryClay the Cleaver (Naga Fighter)             Turns: 7622, Time: 00:11:08

Health: 0/75       AC:  8    Str: 24    XL:     9   Next: 17%
Magic:  13/13      EV:  2    Int: 11    God:    Cheibriados [*.....]
Gold:   118        SH: 15    Dex: 12    Spells: 8/8 levels left

rFire   . . .      SeeInvis +   a - +0 war axe
rCold   . . .      Faith    .   r - +2 tower shield
rNeg    . . .      Spirit   .   m - +0 chain mail
rPois   +          Reflect  .   (no helmet)
rElec   .          Harm     .   f - +0 cloak
rCorr   .          Rampage  .   (no gloves)
Will    +....                   (no barding)
Stlth   ..........              (no amulet)
HPRegen 0.22/turn               (no ring)
MPRegen 0.13/turn               (no ring)

@: very slow
A: AC +3, large, see invisible, deformed body, poison resistance, slowness 2,
spit poison 1, naga tail 1
a: Spit Poison, Renounce Religion, Bend Time


You were on level 5 of the Dungeon.
You worshipped Cheibriados.
Cheibriados was aware of your devotion.
You visited 1 branch of the dungeon, and saw 5 of its levels.

You collected 352 gold pieces.
You spent 234 gold pieces at shops.

Inventory:

Hand Weapons
 a - a +0 war axe (weapon)
Missiles
 p - 2 boomerangs
 v - 2 poisoned darts (quivered)
Armour
 f - a +0 cloak (worn)
 m - a +0 chain mail (worn)
 r - a +2 tower shield (worn)
Jewellery
 x - a ring of fire
Scrolls
 b - 3 scrolls of identify {unknown}
 c - 3 scrolls of fog {unknown}
 e - 4 scrolls of teleportation
 j - a scroll of acquirement {unknown}
 l - 2 scrolls of blinking {unknown}
 n - a scroll of brand weapon {unknown}
 o - a scroll of immolation {unknown}
 s - a scroll of silence {unknown}
 t - 2 scrolls of summoning {unknown}
 w - a scroll of vulnerability {unknown}
Potions
 d - a potion of lignification {unknown}
 h - a potion of haste
 k - a potion of ambrosia {unknown}
 q - a potion of magic {unknown}
 u - a potion of invisibility {unknown}
 z - a potion of mutation {unknown}


   Skills:
 - Level 3.0 Fighting
 - Level 9.2 Axes
 - Level 2.4 Armour
 - Level 4.4 Shields
 + Level 6.4 Invocations


You had 8 spell levels left.
You didn't know any spells.
Your spell library contained the following spells:

 Spells                   Type           Power      Damage    Failure   Level
 Gell's Gravitas          Tloc           0%         N/A       100%        3
 Teleport Other           Tloc           0%         N/A       100%        3
 Dispersal                Tloc           0%         N/A       100%        6


Dungeon Overview and Level Annotations

Branches:
Dungeon (5/15)
 Temple: D:4-7

Altars:
Cheibriados
Fedhas
Okawaru
Yredelemnul

Shops:
D:4 *


Innate Abilities, Weirdness & Mutations

Your serpentine skin is tough. (AC +3)
You have supernaturally acute eyesight. (SInv)
Armour fits poorly on your strangely shaped body.
Your system is resistant to poisons. (rPois)
You cover ground very slowly.
You can spit poison.
You have a snake-like lower body.


Message History

The killer bee stings you.
* * * LOW HITPOINT WARNING * * *
The killer bee stings you but does no damage.
The killer bee stings you.
* * * LOW HITPOINT WARNING * * *
Huge Dmg: -8%(-6hp) hp: 22%(16hp)
You completely miss the killer bee.
You have got your breath back.
The killer bee stings you but does no damage.
You block the killer bee's attack.
You slash the killer bee!
The killer bee is heavily wounded.
You block the killer bee's attack. The killer bee stings you!
* * * LOW HITPOINT WARNING * * *
You block the killer bee's attack.
Huge Dmg: -9%(-7hp) hp: 14%(10hp)
You barely miss the killer bee.
The killer bee is heavily wounded.
You block the killer bee's attack. The killer bee completely misses you.
You block the killer bee's attack.
You closely miss the killer bee.
The killer bee is heavily wounded.
The killer bee stings you.
* * * LOW HITPOINT WARNING * * *
The killer bee stings you.
* * * LOW HITPOINT WARNING * * *
You block the killer bee's attack.
Huge Dmg: -11%(-8hp) hp: 3%(2hp)
Okay, then.
Okay, then.
Okay, then.
You hit the killer bee.
The killer bee is heavily wounded.
You block the killer bee's attack. x2
You miss the killer bee.
The killer bee is heavily wounded.
You block the killer bee's attack.
The killer bee stings you but does no damage.
The killer bee stings you.
You die...

# ##....## #..#
##............#
##.....# ##.##
##.............'
##......# #..#
#..............#
#......## ##.#
##.............#
##....## #.##
#.............#
#...## #..#
#............##
#..## ##.##
##..........##.
#(## #..#
#.........##.#
### ##@#
##......###..# #
#y##
#########..## #
#((# #..## #
##(## ##.## #
#..#########.##
#..##.....#..#
##...........###
#.(...........#
##.............##


You could see a killer bee.

Vanquished Creatures
  A black bear (D:5)
  An ogre (D:4)
  5 necrophages
  A centaur (D:5)
  A phantom (D:5)
  A scorpion (D:4)
  2 water moccasin zombies (D:5)
  2 water moccasin skeletons (D:5)
  8 killer bees (D:5)
  A howler monkey (D:5)
  A centaur zombie (D:5)
  A bullfrog zombie (D:5)
  A centaur skeleton (D:4)
  3 hounds
  3 iguanas
  2 orc wizards (D:4)
  A hound zombie (D:5)
  8 adders
  An adder skeleton (D:4)
  4 worms
  A dart slug (D:4)
  8 orcs
  6 ball pythons
  5 bats
  6 endoplasms
  7 giant cockroaches
  10 goblins
  8 hobgoblins
  6 jackals (D:1)
  6 quokkas
  3 frilled lizards
  6 kobolds
  8 rats
  A bush (D:5)
129 creatures vanquished.

Vanquished Creatures (others)
  A bush (D:5)
  13 plants (D:5)
14 creatures vanquished.

Grand Total: 143 creatures vanquished

Notes
Turn   | Place    | Note
-------+----------+-------------------------------------------
     0 | D:1      | RepHenryClay the Naga Fighter began the quest for the Orb.
     0 | D:1      | Reached XP level 1. HP: 21/21 MP: 1/1
     2 | D:1      | Noticed a ghoul
     4 | D:1      | Noticed a merfolk
     4 | D:1      | Noticed a vampire
     6 | D:1      | Noticed an elf
     8 | D:1      | Noticed a draconian
     8 | D:1      | Noticed a dwarf
    10 | D:1      | Noticed a naga
    12 | D:1      | Noticed a vine stalker
    12 | D:1      | Noticed a human
    14 | D:1      | Noticed an octopode
    14 | D:1      | Noticed a demigod
    16 | D:1      | Noticed a minotaur
    16 | D:1      | Noticed a spriggan
    18 | D:1      | Noticed a demonspawn
    18 | D:1      | Noticed a felid
    20 | D:1      | Noticed an ogre
    22 | D:1      | Noticed a formicid
    24 | D:1      | Noticed a tengu
    24 | D:1      | Noticed a gargoyle
    27 | D:1      | Noticed a troll
   268 | D:1      | Reached XP level 2. HP: 28/28 MP: 2/2
   666 | D:1      | Reached skill level 3 in Axes
   889 | D:1      | Reached XP level 3. HP: 32/34 MP: 3/3
  1208 | D:2      | Reached skill level 4 in Axes
  1345 | D:2      | Reached XP level 4. HP: 42/42 MP: 4/4
  2463 | D:3      | Reached skill level 5 in Axes
  2472 | D:3      | Reached XP level 5. HP: 49/49 MP: 5/5
  3206 | D:4      | Found Tosorch's Tempting Trifles.
  3214 | D:4      | Bought a scroll of teleportation for 36 gold pieces
  3407 | D:4      | Reached skill level 6 in Axes
  3407 | D:4      | Reached XP level 6. HP: 48/56 MP: 6/6
  3506 | D:4      | Noticed a necrophage
  3553 | D:4      | Killed a necrophage
  3554 | D:4      | Reached skill level 7 in Axes
  3919 | D:4      | Reached XP level 7. HP: 45/62 MP: 7/7
  4762 | D:4      | Bought a +2 tower shield for 198 gold pieces
  4788 | D:5      | Entered Level 5 of the Dungeon
  4804 | D:4      | Reached skill level 8 in Axes
  5293 | D:5      | Reached XP level 8. HP: 62/69 MP: 8/8
  5357 | D:5      | Found a basalt altar of Yredelemnul.
  5357 | D:5      | Found a snail-covered altar of Cheibriados.
  5357 | D:5      | Found an iron altar of Okawaru.
  5459 | D:5      | Became a worshipper of Cheibriados the Contemplative
  6199 | D:5      | HP: 3/69 [centaur/arrow (10)]
  6208 | D:5      | Reached skill level 9 in Axes
  6546 | D:5      | Found a blossoming altar of Fedhas.
  6956 | D:5      | Reached XP level 9. HP: 75/75 MP: 12/12
  6979 | D:5      | Reached skill level 5 in Invocations
  7614 | D:5      | Reached * piety under Cheibriados
  7620 | D:5      | HP: 2/75 [killer bee (2)]
  7622 | D:5      | Slain by a killer bee

Illustrated notes

Levels and vault maps discovered:
D:1:      kb_arrival_jail, layout_basic, corner_web_ring
D:2:      minmay_spotlight, layout_basic, hangedman_decor_growths,
          serial_park_tiny_1, minmay_heptomino_l4
D:3:      layout_basic
D:4:      minmay_opposing_rooms, layout_basic, minivault_14,
          supply_closet_lemuel, nicolae_alphabet_shops
D:5:      layout_cave_pods, fedhas_altar_decomposition,
          gammafunk_temple_overflow_forgotten, eino_tiny_chamber,
          minmay_starry_boxes

Skill      XL: |  1  2  3  4  5  6  7  8  9 |
---------------+----------------------------+-----
Axes           | 3 4 5 6 7 8 9 |  9.2
Shields        | 3 4 |  4.4
Invocations    | 4 6 |  6.4
Fighting       | |  3.0
Armour         | |  2.4

Action                   |  1- 3 |  4- 6 |  7- 9 || total
-------------------------+-------+-------+-------++-------
Melee: War axe           |   100 |   175 |   209 ||   484
Throw: Dart              |       |       |    13 ||    13
Invok: Bend Time         |       |       |     2 ||     2
 Abil: Spit Poison       |     1 |    12 |    17 ||    30
  Use: Potion            |       |       |     5 ||     5
       Scroll            |       |       |     2 ||     2
Armor: Scale mail        |    44 |    57 |       ||   101
       Chain mail        |       |    51 |   141 ||   192
Dodge: Dodged            |    48 |    54 |    29 ||   131
Block: Buckler           |    23 |    51 |     5 ||    79
       Tower shield      |       |       |   244 ||   244

Table legend: (Time is in decaauts)
 A = Elapsed time spent in this place.
 B = Non-inter-level travel time spent in this place.
 C = Inter-level travel time spent in this place.
 D = Time resting spent in this place.
 E = Time spent auto-exploring this place.
 F = Levels seen in this place.
 G = Mean time per level.
                   A        B        C        D        E       F      G
               +--------+--------+--------+--------+--------+-----+--------+
         Total |   9476 |   8908 |    568 |   1725 |   5837 |   5 | 1895.2 |
       Dungeon |   9476 |   8908 |    568 |   1725 |   5837 |   5 | 1895.2 |
               +--------+--------+--------+--------+--------+-----+--------+

Top non-repeatable levels by time:
     D:5: 3382 daAuts
     D:4: 2142 daAuts
     D:2: 1570 daAuts
     D:1: 1283 daAuts
     D:3: 1097 daAuts
